 Dungeon Sprint DCSS version 0.16-b1 (webtiles) character file.

984 Medar the Zephyrmancer (level 8, -5/37 HPs)
             Began as a Vine Stalker Air Elementalist on Mar 6, 2015.
             Was an Initiate of Ru.
             Slain by a demonic crawler (6 damage)
             ... in the Dungeon (Sprint I: "Red Sonja").
             The game lasted 00:04:39 (627 turns).

Medar the Zephyrmancer (VSAE)                        Turns: 627, Time: 00:04:39

Health: -5/37      AC:  3    Str: 11    XL:     8   Next: 17%
Magic:  0/19       EV: 12    Int: 17    God:    Ru [......]
Gold:   369        SH:  0    Dex: 15    Spells: 5 memorised, 1 level left

rFire  . . .     SeeInvis .       - Unarmed
rCold  . . .     Clarity  .     e - +0 leather armour
rNeg   . . .     SustAb   .     (no shield)
rPois  .         Gourm    .     (no helmet)
rElec  .         Spirit   +     (no cloak)
rCorr  .         Warding  .     (no gloves)
rMut   .         NoTele   +     (no boots)
MR     +....                    (no amulet)
Stlth  ++........               (no ring)
                                (no ring)

@: swift, hasted, repel missiles, very quick, somewhat resistant to hostile
enchantments, unstealthy
A: fangs 3, regeneration 2, magic shield, antimagic bite, no device heal 3, rot
immunity
a: Renounce Religion


You were in the Dungeon.
You worshipped Ru.
Ru was noncommittal.
You were hungry.

You visited 1 branch You collected 405 gold pieces.
You spent 36 gold pieces at shops.

Inventory:

Armour
 a - a +0 robe
 e - a +0 leather armour (worn)
Scrolls
 h - a scroll of remove curse {@r1}
 i - a scroll of blinking
Potions
 d - a potion of curing {@q1}
 g - 2 potions of magic
 k - a potion of might {unknown}
Books
 b - a book of Air

   Spells                             Type                      Level
   a - Shock                          Conjuration/Air              1
   b - Swiftness                      Charms/Air                   2
   c - Repel Missiles                 Charms/Air                   2
   d - Flight                         Charms/Air                   3
   e - Static Discharge               Conjuration/Air              3
   f - Lightning Bolt                 Conjuration/Air              5
Comestibles
 c - a bread ration
 j - a meat ration


   Skills:
 - Level 1.2 Fighting
 - Level 2.1 Dodging
 - Level 2.4 Stealth
 - Level 1.5 Unarmed Combat
 - Level 3.7 Spellcasting
 + Level 11.9 Conjurations
 + Level 12.0 Air Magic


You had one spell level left.
You knew the following spells:

 Your Spells              Type           Power        Failure   Level  Hunger
b - Lightning Bolt        Conj/Air       #####.....   6%          5    ######.
c - Static Discharge      Conj/Air       #####...     1%          3    ###....
e - Swiftness             Chrm/Air       ###.....     3%          2    ##.....
r - Repel Missiles        Chrm/Air       ###...       3%          2    ##.....
x - Shock                 Conj/Air       ####         1%          1    None


Dungeon Overview and Level Annotations

Branches:
Dungeon (1/1)

Altars:
Cheibriados
Dithmenos
Elyvilon
Fedhas
Gozag
Kikubaaqudgha
Makhleb
Nemelex Xobeh
Okawaru
Qazlal
Ru
Sif Muna
Trog
Vehumet
Xom
Yredelemnul
Zin
The Shining One
Jiyva

Shops:
D *


Innate Abilities, Weirdness & Mutations

You have razor-sharp teeth.
You heal very quickly.
When hurt, damage is shared between your health and your magic reserves.
Your bite disrupts and absorbs the magic of your enemies.
Potions and wands cannot restore your health.
You are immune to rotting.


Message History

You open the door. 4 demonic crawlers come into view.
The demonic crawler gives a hideous shriek! x2
Casting: Static Discharge
Confirm with . or Enter, or press ? or * to list all spells.
You feel quick. The demonic crawler hits you. The demonic crawler hits you!
The demonic crawler hits you. The demonic crawler hits you!
The demonic crawler misses you. The demonic crawler hits you.
There is an open door here.
Items here: % )) [[ a dagger; a robe; a dagger; a robe; a poisonous chunk of flesh Read which item? (? for menu, Esc to quit)
Okay, then.
Drink which item? (? for menu, Esc to quit)
You feel yourself speed up. The demonic crawler hits you!
* * * LOW HITPOINT WARNING * * *
The demonic crawler hits you!
* * * LOW HITPOINT WARNING * * *
The demonic crawler hits you.
You die...

#######################
#..)..#.)'..#__#..ss..#
)..#..'..#..'..'@s#...##+#
#####'#####'#__####...ss.#
####..#...#.#### #####..+
#__####..##.# ##
#_..__##'#..+
#_.∩...'..._#
#_..._##_.#'#
#_____###+#.# ####### ###


You could see 3 demonic crawlers.

Vanquished Creatures
  2 kobold demonologists (D)
  A slime creature (D)
  A yak (D)
  Sigmund (D)
  An ogre (D)
  A jelly (D)
  Ijyb (D)
  A giant eyeball (D)
9 creatures vanquished.

Notes
Turn   | Place    | Note
--------------------------------------------------------------
     0 | D        | Medar, the Vine Stalker Air Elementalist, began the quest for the Orb.
     0 | D        | Reached XP level 1. HP: 9/9 MP: 3/3
     1 | D        | Noticed Ijyb
    13 | D        | Killed Ijyb
    13 | D        | Reached XP level 2. HP: 5/13 MP: 0/7
    49 | D        | Learned a level 2 spell: Swiftness
    76 | D        | Noticed an ogre
    81 | D        | Killed an ogre
    81 | D        | Reached skill level 6 in Conjurations
    81 | D        | Reached XP level 3. HP: 16/16 MP: 5/9
    81 | D        | Reached XP level 4. HP: 21/21 MP: 5/10
   130 | D        | Noticed Sigmund
   134 | D        | Killed Sigmund
   134 | D        | Reached skill level 7 in Conjurations
   134 | D        | Reached XP level 5. HP: 22/24 MP: 9/13
   141 | D        | Learned a level 5 spell: Lightning Bolt
   182 | D        | Found a deep blue altar of Sif Muna.
   183 | D        | Noticed a jelly
   184 | D        | Found a radiant altar of Vehumet.
   187 | D        | Killed a jelly
   187 | D        | Reached skill level 1 in Fighting
   187 | D        | Reached skill level 1 in Unarmed Combat
   224 | D        | Learned a level 3 spell: Static Discharge
   252 | D        | Found Crawyi's General Store.
   252 | D        | Found a white marble altar of Elyvilon.
   252 | D        | Found a stormy altar of Qazlal.
   252 | D        | Found a burning altar of Makhleb.
   252 | D        | Found a sacrificial altar of Ru.
   252 | D        | Found a basalt altar of Yredelemnul.
   252 | D        | Found a glowing golden altar of the Shining One.
   252 | D        | Found a sparkling altar of Nemelex Xobeh.
   252 | D        | Found a shimmering altar of Xom.
   252 | D        | Found an opulent altar of Gozag.
   252 | D        | Found an ancient bone altar of Kikubaaqudgha.
   252 | D        | Found a glowing silver altar of Zin.
   252 | D        | Noticed a yak
   259 | D        | Killed a yak
   259 | D        | Reached skill level 9 in Conjurations
   259 | D        | Gained mutation: You heal very quickly. [vine stalker growth]
   259 | D        | Reached XP level 6. HP: 15/30 MP: 0/15
   365 | D        | Found an iron altar of Okawaru.
   367 | D        | Found a bloodstained altar of Trog.
   371 | D        | Bought a scroll of remove curse for 36 gold pieces
   376 | D        | Became a worshipper of Ru the Awakened
   390 | D        | Found a snail-covered altar of Cheibriados.
   390 | D        | Found a viscous altar of Jiyva.
   390 | D        | Found a shadowy altar of Dithmenos.
   390 | D        | Found a blossoming altar of Fedhas.
   390 | D        | Noticed a slime creature
   399 | D        | Killed a slime creature
   399 | D        | Reached skill level 10 in Conjurations
   399 | D        | Reached skill level 10 in Air Magic
   399 | D        | Reached XP level 7. HP: 28/33 MP: 2/17
   498 | D        | Learned a level 2 spell: Repel Missiles
   513 | D        | Noticed a kobold demonologist
   516 | D        | Noticed a kobold demonologist
   517 | D        | Killed a kobold demonologist
   517 | D        | Reached skill level 11 in Conjurations
   520 | D        | Killed a kobold demonologist
   520 | D        | Gained mutation: You have razor-sharp teeth. [vine stalker growth]
   520 | D        | Reached XP level 8. HP: 31/37 MP: 3/19
   526 | D        | Paralysed by a giant eyeball for 3 turns
   531 | D        | Reached skill level 12 in Air Magic
   620 | D        | Noticed a demonic crawler
   620 | D        | Noticed a demonic crawler
   620 | D        | Noticed a demonic crawler
   620 | D        | Noticed a demonic crawler
   627 | D        | HP: 1/37 [demonic crawler (7)]
   627 | D        | Slain by a demonic crawler

Action                   |  1- 3 |  4- 6 |  7- 9 || total
-------------------------+-------+-------+-------++-------
Melee: Unarmed           |     8 |     1 |     8 ||    17
 Cast: Shock             |     4 |    10 |     3 ||    17
       Static Discharge  |       |     5 |     4 ||     9
       Repel Missiles    |       |       |     1 ||     1
       Swiftness         |       |       |     1 ||     1
  Use: Potion            |     1 |       |     1 ||     2
